 Dungeon Crawl Stone Soup version 0.18-a0-1805-g8ab820f (webtiles) character file.

1001 warlockg3 the Ducker (level 8, 0/71 HPs)
             Began as a Troll Fighter on Apr 25, 2016.
             Succumbed to a water moccasin's poison
             ... on level 4 of the Dungeon.
             The game lasted 00:32:18 (2762 turns).

warlockg3 the Ducker (Troll Fighter)                Turns: 2762, Time: 00:32:19

Health: 0/71       AC:  6    Str: 25 (27) XL:     8   Next: 0%
Magic:  7/7        EV:  9    Int:  4      God:
Gold:   221        SH:  9    Dex:  9 (11) Spells: 0 memorised, 7 levels left

rFire  . . .     SeeInvis .       - Unarmed
rCold  + . .     Gourm    +     a - +0 robe
rNeg   . . .     Faith    .     b - +0 shield
rPois  .         Spirit   .     (helmet restricted)
rElec  .         Dismiss  .     (no cloak)
rCorr  .         Reflect  .     (gloves unavailable)
SustAt .         Harm     .     (boots unavailable)
MR     .....                    l - amulet of magic regeneration
Stlth  ++........               (no ring)
                                (no ring)

@: lethally poisoned (0 -> -5), not resistant to hostile enchantments,
unstealthy
A: unfitting armour, claws 3, icy blue scales 1, thin skeletal structure 1, cold
resistance 1, fast metabolism 3, frail 1, gourmand, regeneration 2, shaggy fur
1, tough skin 2
a: no special abilities


You were on level 4 of the Dungeon.
You were very hungry.

You visited 1 branch of the dungeon, and saw 4 of its levels.

You collected 221 gold pieces.

Inventory:

Armour
 a - a +0 robe (worn)
 b - a +0 shield (worn)
Jewellery
 h - an uncursed ring of flight {unknown}
 l - an amulet of magic regeneration (around neck)
Scrolls
 c - a scroll of noise {unknown}
 f - 2 scrolls of identify {unknown}
 i - a scroll of blinking {unknown}
 j - a scroll of remove curse {unknown}
 k - a scroll of enchant weapon {unknown}
 n - 2 scrolls of teleportation {unknown}
 o - a scroll of random uselessness {unknown}
Comestibles
 d - 3 bread rations
 g - a beef jerky
 m - a meat ration


   Skills:
 + Level 4.5 Fighting
 + Level 5.1 Dodging
 + Level 1.2 Stealth
 + Level 4.0 Shields
 + Level 4.2 Unarmed Combat


You had 7 spell levels left.
You didn't know any spells.

Dungeon Overview and Level Annotations

Branches:
Dungeon (4/15)
 Temple: D:4-7

Altars:

Shops:
D:4 *


Innate Abilities, Weirdness & Mutations

You are too large for most types of armour.
You have claws for hands.
Your metabolism is lightning-fast.
You like to eat raw meat.
You heal very quickly.
You are covered in fur (AC +1).
You have very tough skin (AC +2).
You are partially covered in icy blue scales (AC +1).
You have a somewhat thin skeletal structure (Dex +2, Stealth).
Your flesh is cold resistant.
You are frail (-10% HP).


Message History

* * * LOW HITPOINT WARNING * * *
Your shield prevents you from hitting the water moccasin.
The water moccasin is heavily wounded.
You feel sick. You block the water moccasin's attack.
The water moccasin closely misses you.
You barely miss the water moccasin.
The water moccasin is heavily wounded.
You feel sick. The water moccasin barely misses you.
The water moccasin bites you.
* * * LOW HITPOINT WARNING * * *
The water moccasin bites you but does no damage.
The water moccasin barely misses you.
You barely miss the water moccasin.
The water moccasin is heavily wounded.
You feel sick. The water moccasin bites you!
* * * LOW HITPOINT WARNING * * *
The water moccasin completely misses you.
You scratch the water moccasin.
The water moccasin is heavily wounded.
You die...

#.####.###.#.# #..#
#............#######..###
#####..#####.............
#..# #<#######..##. #..#
#.# #..... ...#####..#
#.# #...##. #........##
#.# #.#... ########..##
#.# ##.#.## #.S@# #.#
##.## ###S# ..# #
#.SS#.## #.∩.# #...#
##+##


You could see 2 water moccasins and 2 adders.

Vanquished Creatures
  Grinder (D:3)
  A sky beast (D:3)
  7 big kobolds (D:3)
  An iguana (D:4)
  4 gnolls (D:3)
  4 adders
  An ooze (D:4)
  3 worms (D:3)
  A dart slug (D:1)
  2 giant cockroaches
  5 goblins
  12 hobgoblins
  8 jackals
  35 kobolds
  A quokka (D:3)
  11 bats
  2 giant newts
  6 rats
105 creatures vanquished.

Notes
Turn   | Place    | Note
--------------------------------------------------------------
     0 | D:1      | warlockg3 the Troll Fighter began the quest for the Orb.
     0 | D:1      | Reached XP level 1. HP: 22/22 MP: 0/0
   114 | D:1      | Reached XP level 2. HP: 29/29 MP: 1/1
   429 | D:1      | Reached XP level 3. HP: 36/36 MP: 2/2
  1365 | D:3      | Noticed a sky beast
  1376 | D:3      | Killed a sky beast
  1376 | D:3      | Reached skill level 3 in Dodging
  1376 | D:3      | Reached XP level 4. HP: 23/45 MP: 3/3
  1376 | D:3      | Reached XP level 5. HP: 27/53 MP: 4/4
  1382 | D:3      | Gained mutation: You have a somewhat thin skeletal structure (Dex +2, Stealth). [mutagenic meat]
  1455 | D:3      | Found a faded altar to an unknown god.
  1541 | D:3      | Gained mutation: You are partially covered in icy blue scales (AC +1). [potion of mutation]
  1541 | D:3      | Gained mutation: Your flesh is cold resistant. [potion of mutation]
  1541 | D:3      | Gained mutation: You are frail (-10% HP). [potion of mutation]
  1584 | D:3      | Reached XP level 6. HP: 54/54 MP: 5/5
  1751 | D:3      | Reached skill level 4 in Dodging
  2007 | D:3      | Noticed Grinder
  2020 | D:3      | Killed Grinder
  2020 | D:3      | Reached skill level 1 in Stealth
  2020 | D:3      | Reached XP level 7. HP: 51/63 MP: 6/6
  2232 | D:3      | Reached skill level 5 in Dodging
  2704 | D:4      | Reached XP level 8. HP: 64/71 MP: 7/7
  2745 | D:4      | Found Eggilla's Serpentskin Sales.
  2761 | D:4      | HP: 1/71 [water moccasin (7)]
  2762 | D:4      | Succumbed to a water moccasin's poison

Vault maps used:
D:1:      dpeg_arrival_tiny_b
D:3:      minmay_goblin_kobold_castle, ecumenical_altar_1, grunt_decor_fettered,
          uniq_grinder
D:4:      temple_doors_e, first_bread, guppyfry_shop_venom

Skill      XL: |  1  2  3  4  5  6  7 |
---------------+----------------------+-----
Fighting       | 3 4 |  4.5
Dodging        | 3 4 5 |  5.1
Shields        | 3 4 |  4.0
Unarmed Combat | 3 4 |  4.2
Stealth        | 1 |  1.2

Action                   |  1- 3 |  4- 6 |  7- 9 || total
-------------------------+-------+-------+-------++-------
Melee: Unarmed           |   144 |    98 |   120 ||   362
  Use: Potion            |       |     5 |     4 ||     9
 Stab: Sleeping          |     2 |       |     1 ||     3
  Eat: Chunk             |     4 |     4 |     2 ||    10
       Meat ration       |     1 |       |       ||     1
       Bread ration      |       |     1 |     1 ||     2
Armor: Robe              |    50 |    34 |    34 ||   118
Dodge: Dodged            |    77 |    41 |    50 ||   168
Block: Shield            |    68 |    54 |    53 ||   175
